 Dungeon Crawl Stone Soup version 0.28.0-53-g5a82cb258f (webtiles) character file.

Game seed: 981637227114368147

78 Feribo the Sneak (level 4, -6/23 HPs)
             Began as a Spriggan Brigand on July 29, 2022.
             Was a Believer of Sif Muna.
             Killed from afar by an orc wizard (7 damage)
             ... with a magic dart
             ... on level 3 of the Dungeon.
             The game lasted 00:13:42 (2286 turns).

Feribo the Sneak (Spriggan Brigand)                 Turns: 2286, Time: 00:13:43

Health: -6/23      AC:  3    Str:  9    XL:     4   Next: 15%
Magic:  5/5        EV: 17    Int: 12    God:    Sif Muna [**....]
Gold:   112        SH:  0    Dex: 16    Spells: 3/3 levels left

rFire   . . .      SeeInvis +   a - +2 dagger
rCold   . . .      Faith    .   (no shield)
rNeg    . . .      Spirit   .   b - +0 robe
rPois   .          Reflect  .   (helmet restricted)
rElec   .          Harm     .   c - +0 cloak
rCorr   .          Rampage  .   (gloves unavailable)
Will    .....                   (boots unavailable)
Stlth   ++++......              (no amulet)
HPRegen 0.07/turn               (no ring)
MPRegen 0.09/turn               (no ring)

@: very quick
A: very small, no large weapons, unfitting armour, see invisible, speed 3
a: Renounce Religion, Channel Magic


You were on level 3 of the Dungeon.
You worshipped Sif Muna.
Sif Muna was pleased with you.
You visited 1 branch of the dungeon, and saw 3 of its levels.

You collected 112 gold pieces.

Inventory:

Hand Weapons
 a - a +2 dagger (weapon)
Missiles
 e - 2 curare-tipped darts (quivered)
Armour
 b - a +0 robe (worn)
 c - a +0 cloak (worn)
Scrolls
 i - 3 scrolls of identify {unknown}
 k - a scroll of fog {unknown}
 m - 2 scrolls of teleportation {unknown}
 p - a scroll of holy word {unknown}
Potions
 f - a potion of heal wounds {unknown}
 g - a potion of curing {unknown}
 h - a potion of lignification {unknown}
 j - a potion of resistance {unknown}
 l - 2 potions of attraction {unknown}
 n - a potion of degeneration {unknown}
 o - a potion of mutation {unknown}


   Skills:
 + Level 2.0 Fighting
 + Level 2.8 Short Blades
 + Level 2.4 Throwing
 + Level 2.4 Dodging
 * Level 6.9 Stealth


You had 3 spell levels left.
You didn't know any spells.
Your spell library contained the following spells:

 Spells                   Type           Power      Damage    Failure   Level
 Freeze                   Ice            0%         1d3       32%         1
 Magic Dart               Conj           0%         1d3       32%         1
 Corpse Rot               Necr/Air       0%         N/A       45%         2
 Searing Ray              Conj           0%         2d4       45%         2
 Frozen Ramparts          Ice            0%         1d2       69%         3
 Dispel Undead            Necr           0%         3d6       97%         4
 Fulminant Prism          Conj/Hex       0%         3d6       97%         4
 Hailstorm                Conj/Ice       0%         3d3       97%         4
 Death Channel            Necr           0%         N/A       100%        6


Dungeon Overview and Level Annotations

Branches:
Dungeon (3/15)

Altars:
Sif Muna


Innate Abilities, Weirdness & Mutations

You are very small and have problems with some larger weapons.
You are too small for most types of armour.
You have supernaturally acute eyesight. (SInv)
You cover ground extremely quickly. (Speed+++)


Message History

The endoplasm closely misses you. The orc priest hits you with a +0 club.
Throw: dart (poison)
Press: ? - help, Q - select action, (/) - cycle Shift-Dir - straight line, f/p - orc priest
Aim: an orc priest, wielding a +0 club (62% to hit)
You throw a poisoned dart. The poisoned dart hits the orc priest.
The orc priest is poisoned.
You hit the endoplasm. You punch the endoplasm.
The endoplasm is almost dead.
The endoplasm misses you.
You hit the endoplasm but do no damage.
The endoplasm is almost dead.
The endoplasm barely misses you.
You hit the endoplasm.
You kill the endoplasm!
Sif Muna accepts your kill.
The orc priest mumbles some strange prayers to Beogh against you.
Pain shoots through your body!
The orc wizard gestures at you while chanting.
You easily resist.
Press: ? - help, v - describe, . - travel, g - get item
Here: an orc priest, wielding a +0 club (moderately wounded, poisoned) Item here: a poisoned dart.
The floor.
The orc wizard gestures at you while chanting.
The magic dart hits you!
* * * LOW HITPOINT WARNING * * *
You open the door.
Found 18 stones.
There is an open door here.
Found a stone staircase leading down.
You start resting.
An orc priest is nearby!
The orc wizard casts a spell at you. The puff of flame hits you.
* * * LOW HITPOINT WARNING * * *
An adder comes into view.
The adder moves out of view.
The orc wizard points at you and mumbles some strange words.
The magic dart hits you!
You die...

........................
......####.#...#o##########
...........................
######...#.#.....##..######
######...#.#####.##..#
....##...#.#.###.##..#
....######.# ..#.##..#
....# #.#.#.#.##..#
...(######.#.#.#@##..#
....o......#....(....#
....##########.#(##.##
##### ........#.##.# #
####.....)...#
#.....#.######.#.
#..##.#(.....o..(
#..#....(.o...(.. #.
#..########.#.


You could see an orc wizard (invisible).

Vanquished Creatures
  4 gnolls
  A worm (D:2)
  A dart slug (D:1)
  An orc (D:3)
  6 bats
  2 endoplasms
  3 goblins
  4 hobgoblins
  A quokka (D:1)
  3 ball pythons (D:1)
  4 frilled lizards
  A kobold (D:2)
  5 rats
36 creatures vanquished.

Notes
Turn   | Place    | Note
-------+----------+-------------------------------------------
     0 | D:1      | Feribo the Spriggan Brigand began the quest for the Orb.
     0 | D:1      | Reached XP level 1. HP: 10/10 MP: 2/2
     2 | D:1      | Noticed a troll
     2 | D:1      | Noticed a human
     4 | D:1      | Noticed a demonspawn
     6 | D:1      | Noticed a felid
     8 | D:1      | Noticed an elf
     8 | D:1      | Noticed a tengu
    10 | D:1      | Noticed a dwarf
    12 | D:1      | Noticed a naga
    14 | D:1      | Noticed a ghoul
    14 | D:1      | Noticed an ogre
    16 | D:1      | Noticed a demigod
    16 | D:1      | Noticed a formicid
    18 | D:1      | Noticed a vampire
    20 | D:1      | Noticed a spriggan
    20 | D:1      | Noticed an octopode
    22 | D:1      | Noticed a minotaur
    22 | D:1      | Noticed a draconian
    24 | D:1      | Noticed a gargoyle
    24 | D:1      | Noticed a merfolk
    26 | D:1      | Noticed a vine stalker
   130 | D:1      | Found a faded altar of an unknown god.
   139 | D:1      | Prayed at the altar of an unknown god.
   139 | D:1      | Became a worshipper of Sif Muna the Loreminder
   139 | D:1      | Reached * piety under Sif Muna
   193 | D:1      | Reached skill level 6 in Stealth
   193 | D:1      | Reached XP level 2. HP: 8/15 MP: 3/3
   813 | D:1      | Reached XP level 3. HP: 18/18 MP: 4/4
  1372 | D:2      | Reached XP level 4. HP: 3/23 MP: 5/5
  1767 | D:2      | Reached ** piety under Sif Muna
  2282 | D:3      | HP: 1/23 [orc wizard/puff of flame (3)]
  2286 | D:3      | Killed from afar by an orc wizard

Illustrated notes

Levels and vault maps discovered:
D:1:      kb_arrival_jail, layout_basic, hellmonk_ecumenical_altar_slurped_away
D:2:      layout_loops_ring
D:3:      layout_basic

Skill      XL: |  1  2  3 |
---------------+----------+-----
Stealth        | 6 |  6.9
Dodging        | 2 |  2.4
Fighting       | 2 |  2.0
Short Blades   | |  2.8
Throwing       | |  2.4

Action                   |  1- 3 |  4- 6 || total
-------------------------+-------+-------++-------
Melee: Dagger            |    72 |    20 ||    92
       Punch             |     1 |     1 ||     2
Throw: Dart              |    17 |     7 ||    24
 Stab: Sleeping          |    10 |     1 ||    11
       Distracted        |       |     1 ||     1
Armor: Robe              |     9 |     1 ||    10
Dodge: Dodged            |    32 |    11 ||    43
